 Dungeon Crawl Stone Soup version 0.20-a0-270-g8e735b6 (webtiles) character file.

10729 AlphabetPasta the Arsonist (level 11, -4/88 HPs)
             Began as a Minotaur Fire Elementalist on Dec 9, 2016.
             Was an Elder of Cheibriados.
             Splashed by an oklob plant's acid (15 damage)
             ... on level 11 of the Dungeon.
             The game lasted 01:06:13 (13899 turns).

AlphabetPasta the Arsonist (MiFE)                  Turns: 13899, Time: 01:06:13

Health: -4/88      AC:  1    Str: 22    XL:     11   Next: 40%
Magic:  17/17      EV: 16    Int: 25    God:    Cheibriados [****..]
Gold:   527        SH:  0    Dex: 22    Spells: 5/20 levels left

rFire  . . .     SeeInvis .     a - +2 quarterstaff
rCold  + . .     Gourm    .     l - +2 robe {Archmagi}
rNeg   . . .     Faith    .     (shield currently unavailable)
rPois  +         Spirit   .     (helmet restricted)
rElec  .         Reflect  .     d - +1 cloak
rCorr  .         Harm     .     v - +0 pair of gloves
MR     .....                    (no boots)
Stlth  ++........               (no amulet)
                                e - +5 ring of protection
                                B - ring of poison resistance

@: corroded, very slow
A: retaliatory headbutt, horns 2, cold resistance 1
a: Bend Time, Temporal Distortion, Slouch, Renounce Religion


You were on level 11 of the Dungeon.
You worshipped Cheibriados.
Cheibriados was greatly pleased with you.
You were not hungry.

You visited 2 branches of the dungeon, and saw 12 of its levels.

You collected 527 gold pieces.

Inventory:

Hand Weapons
 a - a +2 quarterstaff (weapon)
 b - a +2 hunting sling of freezing
 E - a +0 club
 H - a +0 morningstar
Missiles
 n - 29 sling bullets
Armour
 d - a +1 cloak (worn)
 l - a +2 robe of the Archmagi (worn)
 o - a +0 robe
 v - a +0 pair of gloves (worn)
 F - a +0 leather armour
 K - a cursed -2 shield
Jewellery
 e - a +5 ring of protection (right hand)
 h - an uncursed ring of ice
 r - an uncursed ring of protection from magic
 B - a ring of poison resistance (left hand)
Wands
 i - a wand of lightning (0/15)
 x - a wand of lightning (0/15)
 y - a wand of digging (13/24)
Scrolls
 f - 9 scrolls of magic mapping
 m - 3 scrolls of teleportation
 p - 3 scrolls of remove curse
 u - 3 scrolls of enchant armour
 C - 2 scrolls of amnesia
 I - a scroll of blinking
 J - a scroll of fear
Potions
 t - 4 potions of curing
 A - a potion of might {unknown}
 D - a potion of agility {unknown}
 G - a potion of cure mutation {unknown}
Books
 g - a book of Flames

   Spells                             Type                      Level
   a - Flame Tongue                   Conjuration/Fire             1
   b - Throw Flame                    Conjuration/Fire             2
   c - Conjure Flame                  Conjuration/Fire             3
   d - Inner Flame                    Hexes/Fire                   3
   e - Sticky Flame                   Conjuration/Fire             4
   f - Fireball                       Conjuration/Fire             5
Comestibles
 c - 6 bread rations
 j - 5 meat rations
 q - 10 slices of pizza
 s - 12 fruits


   Skills:
 + Level 5.3 Fighting
 - Level 3.4(4.9) Maces & Flails
 + Level 5.3(5.8) Staves
 - Level 5.0 Slings
 - Level 1.0(3.0) Throwing
 - Level 6.3 Armour
 - Level 5.0 Dodging
 - Level 1.5 Stealth
 + Level 2.5 Shields
 + Level 5.3 Spellcasting
 - Level 0.6 Conjurations
 * Level 8.6 Fire Magic
 - Level 5.6 Invocations


You had 5 spell levels left.
You knew the following spells:

 Your Spells              Type           Power        Failure   Level  Hunger
a - Flame Tongue          Conj/Fire      #####        1%          1    None
b - Throw Flame           Conj/Fire      #####.       1%          2    None
c - Conjure Flame         Conj/Fire      #####...     4%          3    #......
d - Sticky Flame          Conj/Fire      #####...     14%         4    ###....
e - Fireball              Conj/Fire      #####.....   38%         5    #####..


Dungeon Overview and Level Annotations

Branches:
Dungeon (11/15)            Temple (1/1) D:6            Lair (0/6) D:11
    Orc: D:9-12

Altars:
Ashenzari
Cheibriados
Dithmenos
Elyvilon
Fedhas
Gozag
Hepliaklqana
Kikubaaqudgha
Makhleb
Nemelex Xobeh
Okawaru
Qazlal
Ru
Sif Muna
Trog
Uskayaw
Vehumet
Xom
Yredelemnul
Zin
The Shining One

Shops:
D:9 :

Annotations:
D:3 Killer1's ghost, amateur DgFi
D:11 exclusion: 3 oklob plants


Innate Abilities, Weirdness & Mutations

You reflexively headbutt those who attack you in melee.
You have a pair of horns on your head.
Your flesh is cold resistant. (rC+)


Message History

Found a potion of lignification.
Really walk into a travel-excluded area?
Found a scroll of enchant weapon.
The oklob plant spits acid at you. The splash of acid hits you!
The acid corrodes you!
You are splashed with acid!
The acid burns!
Found a chain mail.
A hill giant comes into view. It is wielding a giant club.
The oklob plant spits acid at you. The splash of acid hits you!
You are splashed with acid!
The acid burns!
The oklob plant spits acid at you. The splash of acid hits you!
The acid corrodes you!
You are splashed with acid!
The acid burns!
* * * LOW HITPOINT WARNING * * *
You see here a scroll of identify.
The oklob plant spits acid at you. The splash of acid hits you!
* * * LOW HITPOINT WARNING * * *
The acid corrodes you!
You are splashed with acid!
The acid burns!
You die...

#.##P..##.#
#.......#...PPP...#####
#.......#≈.PP>PP.≈#...##
#.......#...PPP...#...#.
#.......#.##.PP##.#...'.
#.......#..#...#..#...##
#.....!..#...≈...#...[#
#...........###(......#
#......@?.............#
+.[.....###...........#
#..?....# #...........#
......C## #.....>.....#
######. ########+#### +.
#. #.


You could see a hill giant (sleeping) and 2 oklob plants.

Vanquished Creatures
  A hydra (D:9)
  Nergalle (D:10)
  An unseen horror (D:10)
  3 hill giants (D:10)
  The ghost of miasmata the Thaumaturge, a novice DEFE of Vehumet (D:8)
  A gargoyle (D:10)
  A troll (D:9)
  A hornet (D:10)
  A two-headed ogre (D:8)
  2 dream sheep (D:9)
  2 hippogriffs
  A vampire (D:9)
  Sigmund (D:3)
  A wyvern (D:7)
  2 yaks (D:9)
  2 hungry ghosts
  A water moccasin (D:9)
  3 sky beasts
  3 phantoms
  4 orc warriors
  An ice beast (D:6)
  3 necrophages
  2 ogres
  3 centaurs (D:9)
  4 big kobolds
  6 bullfrogs
  2 gnoll sergeants
  3 scorpions
  A water moccasin skeleton (D:10)
  8 wights
  5 howler monkeys
  3 crimson imps
  A quasit (D:8)
  A bullfrog skeleton (D:7)
  2 hounds
  4 jellies
  8 orc wizards
  A centaur zombie (D:9)
  5 orc priests
  Jessica (D:3)
  14 worker ants
  2 hound skeletons
  11 gnolls
  8 adders
  An ooze (D:6)
  An adder skeleton (D:4)
  2 worms
  4 dart slugs
  6 leopard geckos
  54 orcs
  5 giant cockroaches
  6 hobgoblins
  8 jackals
  2 quokkas
  A ball python (D:1)
  15 bats
  2 frilled lizards (D:2)
  9 goblins
  13 kobolds
  A quokka skeleton (D:5)
  2 quokka zombies
  10 rats
274 creatures vanquished.

Vanquished Creatures (others)
  A fire vortex (D:10)
  5 plants (D:9)
6 creatures vanquished.

Grand Total: 280 creatures vanquished

Notes
Turn   | Place    | Note
-------+----------+-------------------------------------------
     0 | D:1      | AlphabetPasta the Minotaur Fire Elementalist began the quest for the Orb.
     0 | D:1      | Reached XP level 1. HP: 14/14 MP: 1/1
   282 | D:1      | Reached skill level 1 in Fighting
   293 | D:1      | Reached XP level 2. HP: 12/23 MP: 0/3
   512 | D:1      | Learned a level 2 spell: Throw Flame
   952 | D:1      | Reached XP level 3. HP: 26/28 MP: 0/4
  1267 | D:2      | Reached skill level 1 in Maces & Flails
  1320 | D:2      | Learned a level 2 spell: Throw Flame
  1523 | D:2      | Reached XP level 4. HP: 32/36 MP: 1/5
  1528 | D:2      | Learned a level 3 spell: Conjure Flame
  1862 | D:3      | Noticed Jessica
  1870 | D:3      | Killed Jessica
  1870 | D:3      | Reached skill level 1 in Armour
  1870 | D:3      | Reached skill level 3 in Fire Magic
  1870 | D:3      | Reached XP level 5. HP: 40/42 MP: 0/6
  1999 | D:3      | Noticed Killer1's ghost (amateur DgFi)
  2573 | D:3      | Noticed Sigmund
  2580 | D:3      | Killed Sigmund
  2580 | D:3      | Reached skill level 1 in Slings
  2580 | D:3      | Reached XP level 6. HP: 51/51 MP: 0/8
  3228 | D:4      | Reached XP level 7. HP: 23/57 MP: 1/9
  3435 | D:4      | Reached skill level 4 in Fire Magic
  3441 | D:4      | Learned a level 4 spell: Sticky Flame
  4487 | D:5      | Entered Level 5 of the Dungeon
  5634 | D:6      | Reached XP level 8. HP: 66/66 MP: 6/11
  5813 | D:6      | Reached skill level 5 in Fire Magic
  5950 | D:6      | Found a staircase to the Ecumenical Temple.
  5951 | D:6      | Found a blossoming altar of Fedhas.
  5966 | Temple   | Entered the Ecumenical Temple
  6109 | Temple   | Became a worshipper of Cheibriados the Contemplative
  6661 | D:6      | Found a burning altar of Makhleb.
  6774 | D:7      | Reached skill level 1 in Invocations
  6914 | D:7      | Reached skill level 1 in Staves
  7256 | D:7      | Reached * piety under Cheibriados
  7256 | D:7      | Reached XP level 9. HP: 61/69 MP: 7/13
  7791 | D:8      | Noticed miasmata's ghost (novice DEFE)
  8109 | D:7      | Reached skill level 6 in Fire Magic
  8553 | D:7      | Reached skill level 5 in Dodging
  8810 | D:8      | Found a sparkling altar of Nemelex Xobeh.
  9014 | D:8      | Killed miasmata's ghost
  9173 | D:8      | Reached skill level 7 in Fire Magic
  9178 | D:8      | Reached ** piety under Cheibriados
  9432 | D:8      | Reached XP level 10. HP: 61/77 MP: 5/15
  9440 | D:8      | Gained mutation: Your flesh is cold resistant. (rC+) [potion of beneficial mutation]
  9811 | D:9      | Reached skill level 1 in Throwing
 10353 | D:9      | Found Eqiatsok's Book Boutique.
 10426 | D:9      | Reached skill level 5 in Armour
 10631 | D:9      | Reached *** piety under Cheibriados
 11333 | D:9      | Noticed a three-headed hydra
 11342 | D:9      | Killed a three-headed hydra
 11342 | D:9      | Reached skill level 5 in Invocations
 11775 | D:9      | Reached skill level 8 in Fire Magic
 11833 | D:10     | Entered Level 10 of the Dungeon
 11848 | D:10     | Noticed a gargoyle
 11860 | D:10     | Killed a gargoyle
 12130 | D:10     | Reached **** piety under Cheibriados
 12146 | D:10     | Reached skill level 5 in Spellcasting
 12153 | D:10     | Learned a level 5 spell: Fireball
 12292 | D:10     | Reached XP level 11. HP: 67/84 MP: 10/17
 12345 | D:10     | Noticed a hill giant
 12360 | D:9      | Reached skill level 5 in Slings
 12737 | D:10     | Noticed Nergalle
 12760 | D:10     | Killed Nergalle
 12760 | D:10     | Reached skill level 1 in Shields
 12958 | D:10     | Killed an unseen horror
 13127 | D:10     | Noticed a hill giant
 13136 | D:10     | Killed a hill giant
 13253 | D:10     | Noticed a hill giant
 13261 | D:10     | Reached skill level 5 in Fighting
 13261 | D:10     | Reached skill level 5 in Staves
 13267 | D:10     | Killed a hill giant
 13437 | D:10     | Upgraded the game from 0.20-a0-269-g17f5411 to 0.20-a0-270-g8e735b6
 13438 | D:11     | Noticed a hill giant
 13447 | D:10     | Killed a hill giant
 13533 | D:11     | Noticed an oklob plant
 13542 | D:11     | Noticed an oklob plant
 13549 | D:11     | Found a staircase to the Lair.
 13549 | D:11     | Noticed an oklob plant
 13898 | D:11     | Noticed a hill giant
 13899 | D:11     | Splashed by an oklob plant's acid

Vault maps used:
D:1:      sevenhm_arrival_forest_fort_small_3, corexii_leaking_fountain
D:3:      uniq_jessica, uniq_sigmund
D:4:      first_bread
D:5:      nrook_uturn
D:6:      basic_altar, minmay_item_behind_shaft, makhleb_blood_cavern_becter
D:7:      eino_small_chamber_without_monster
D:8:      nemelex_xobeh_ov_fountains_minmay
D:9:      serial_shops, kennysheep_mini, hangedman_ranch
D:10:     uniq_nergalle
D:11:     dpeg_oklobed_lair, hiddenorc1_lemuel, billiards_dpeg, uniq_erica
Temple:   kilobyte_greek_temple

Skill      XL: |  1  2  3  4  5  6  7  8  9 10 11 |
---------------+----------------------------------+-----
Fighting       | 1 2 3 4 5 |  5.3
Maces & Flails | 1 2 3 |  3.4
Armour         | 1 2 3 4 6 |  6.3
Fire Magic     | 3 4 5 7 8 |  8.6
Slings         | 1 2 3 4 5 |  5.0
Spellcasting   | 2 3 4 5 |  5.3
Dodging        | 4 5 |  5.0
Invocations    | 2 4 5 |  5.6
Staves         | 2 4 5 |  5.3
Throwing       | 1 |  1.0
Shields        | 2 |  2.5
Stealth        | |  1.5
Conjurations   | |  0.6

Action                   |  1- 3 |  4- 6 |  7- 9 | 10-12 || total
-------------------------+-------+-------+-------+-------++-------
Melee: Unarmed           |    48 |       |       |       ||    48
       Headbutt          |    13 |    17 |    10 |    18 ||    58
       Club              |    42 |   144 |    11 |       ||   197
       Quarterstaff      |       |       |    34 |    87 ||   121
 Fire: Hunting sling     |       |     8 |    26 |    11 ||    45
 Cast: Flame Tongue      |    62 |    74 |   310 |   281 ||   727
       Throw Flame       |       |       |    12 |    21 ||    33
       Sticky Flame      |       |       |       |    14 ||    14
Evoke: Wand              |       |     6 |       |     4 ||    10
  Use: Scroll            |     7 |     7 |     6 |     7 ||    27
       Potion            |       |     2 |     2 |     5 ||     9
 Stab: Sleeping          |     2 |     1 |       |       ||     3
       Confused          |       |     1 |       |       ||     1
  Eat: Chunk             |     4 |     6 |    14 |     6 ||    30
       Pizza             |       |     1 |     1 |       ||     2
       Meat ration       |       |       |     1 |       ||     1
       Royal jelly       |       |       |       |     1 ||     1
       Beef jerky        |       |       |       |     1 ||     1
Armor: Robe              |    41 |    57 |   102 |    72 ||   272
Dodge: Dodged            |   101 |    89 |   186 |   193 ||   569
